 Dungeon Crawl Stone Soup version 0.21-a0-278-ga722497 (webtiles) character file.

733 vishdafish the Chopper (level 7, 35/55 HPs)
             Began as a Demonspawn Fighter on Sept 23, 2017.
             Quit the game on level 5 of the Dungeon.
             The game lasted 00:07:42 (3989 turns).

vishdafish the Chopper (Demonspawn Fighter)         Turns: 3989, Time: 00:07:42

Health: 35/55      AC: 16    Str: 22    XL:     7   Next: 45%
Magic:  7/7        EV:  8    Int:  9    God:
Gold:   217        SH: 10    Dex: 14    Spells: 6/6 levels left

rFire    + . .     SeeInvis .   a - +0 war axe
rCold    . . .     Gourm    .   c - +0 shield
rNeg     + . .     Faith    .   C - +0 pearl dragon scales
rPois    .         Spirit   .   p - +0 helmet
rElec    .         Reflect  .   (no cloak)
rCorr    .         Harm     .   (no gloves)
MR       +....                  m - +0 pair of boots
Stlth    +.........             (no amulet)
HPRegen  0.18/turn              b - ring of protection from magic
MPRegen  0.10/turn              (no ring)

@: mighty
A: slimy green scales 1, fire resistance 1, nightstalker 1
a: no special abilities


You were on level 5 of the Dungeon.
You were not hungry.

You visited 1 branch of the dungeon, and saw 5 of its levels.

You collected 217 gold pieces.

Inventory:

Hand Weapons
 a - a +0 war axe (weapon)
Missiles
 l - 5 javelins (quivered)
Armour
 c - a +0 shield (worn)
 m - a +0 pair of boots (worn)
 p - a +0 helmet (worn)
 C - +0 pearl dragon scales (worn)
Jewellery
 b - a ring of protection from magic (left hand)
Wands
 x - a wand of random effects (3/48)
Scrolls
 e - 2 scrolls of teleportation
 h - 2 scrolls of magic mapping {unknown}
 i - a scroll of identify
 k - a scroll of recharging {unknown}
 t - a scroll of fog {unknown}
 y - a scroll of amnesia {unknown}
 B - a scroll of blinking {unknown}
Potions
 d - a potion of might
 j - 2 potions of ambrosia
 n - a potion of degeneration {unknown}
 o - 3 potions of flight
 q - 2 potions of curing {unknown}
 r - 2 potions of agility {unknown}
 s - a potion of brilliance
 v - a potion of heal wounds {unknown}
 w - a potion of cancellation {unknown}
Comestibles
 f - 7 bread rations
 g - a meat ration
 u - a royal jelly
 A - 4 fruits


   Skills:
 + Level 4.4 Fighting
 * Level 5.0 Axes
 + Level 4.0 Armour
 - Level 1.1 Dodging
 - Level 0.4 Stealth
 + Level 4.4 Shields


You had 6 spell levels left.
You didn't know any spells.

Dungeon Overview and Level Annotations

Branches:
Dungeon (5/15)
 Temple: D:4-7

Altars:
Makhleb
Ru
Sif Muna
Trog
Vehumet
Xom
Zin
The Shining One

Shops:
D:4 (

Annotations:
D:3 Sigmund


Innate Abilities, Weirdness & Mutations

You are partially covered in slimy green scales. (AC +2)
Your flesh is heat resistant. (rF+)
You are slightly more attuned to the shadows.


Message History

You slash Duvessa!
Duvessa is heavily wounded.
You block Duvessa's attack. Duvessa barely misses you.
You hit Duvessa.
Duvessa is severely wounded.
You block Duvessa's attack. Duvessa hits you but does no damage.
You hit Duvessa.
Duvessa is severely wounded.
You block Duvessa's attack. Duvessa barely misses you.
You slash Duvessa!
You kill Duvessa!
Your Axes skill increases to level 5!
Your Armour skill increases to level 4!
Found 23 arrows.
Things that are here:
a vampiric short sword; a scale mail
Found 14 gold pieces.
You now have 203 gold pieces (gained 20).
v - a fuming sapphire potion You now have 217 gold pieces (gained 14).
Are you sure you want to abandon this character and quit the game? (Confirm with "yes".)

# #( #.#
####.#######
#..........#
#..........#####.#
#................#
#....).....#@##
#..).......#.#
####'#.......#
#.#.####### #.#..
#.#######.#
########.........#
........†.......>#
#######.†.........


There were no monsters in sight!

Vanquished Creatures
  Duvessa (D:5)
  An ice beast (D:5)
  A scorpion (D:4)
  Dowan (D:5)
  A crimson imp (D:5)
  3 orc priests
  A bullfrog skeleton (D:5)
  A hound (D:4)
  2 orc wizards
  2 worker ants (D:4)
  A hound zombie (D:4)
  5 adders
  An adder skeleton (D:4)
  2 worms (D:2)
  A dart slug (D:4)
  5 leopard geckos
  11 orcs
  3 giant cockroaches
  7 goblins
  11 hobgoblins
  2 quokkas
  2 ball pythons
  8 bats
  8 frilled lizards
  6 kobolds
  6 rats
93 creatures vanquished.

Notes
Turn   | Place    | Note
-------+----------+-------------------------------------------
     0 | D:1      | vishdafish the Demonspawn Fighter began the quest for the Orb.
     0 | D:1      | Reached XP level 1. HP: 18/18 MP: 1/1
   136 | D:1      | Gained mutation: You are partially covered in slimy green scales. (AC +2) [demonic ancestry]
   136 | D:1      | Reached XP level 2. HP: 17/24 MP: 2/2
   149 | D:1      | Reached skill level 2 in Axes
   510 | D:1      | Reached XP level 3. HP: 28/29 MP: 3/3
  1536 | D:2      | Gained mutation: Your flesh is heat resistant. (rF+) [demonic ancestry]
  1536 | D:2      | Reached XP level 4. HP: 35/35 MP: 4/4
  2065 | D:3      | Reached skill level 3 in Axes
  2069 | D:3      | Reached XP level 5. HP: 31/41 MP: 5/5
  2222 | D:3      | Noticed Sigmund
  2337 | D:4      | Found a radiant altar of Vehumet.
  2545 | D:5      | Entered Level 5 of the Dungeon
  2556 | D:5      | Reached skill level 1 in Dodging
  2924 | D:4      | Found a burning altar of Makhleb.
  2992 | D:4      | Found a deep blue altar of Sif Muna.
  2995 | D:4      | Found a bloodstained altar of Trog.
  2995 | D:4      | Found a glowing golden altar of the Shining One.
  3344 | D:4      | Reached XP level 6. HP: 48/48 MP: 6/6
  3368 | D:4      | Reached skill level 4 in Axes
  3662 | D:4      | Found Bepocaoh's Antique Weapon Emporium.
  3663 | D:4      | Found a sacrificial altar of Ru.
  3676 | D:4      | Found a glowing silver altar of Zin.
  3683 | D:4      | Found a shimmering altar of Xom.
  3951 | D:5      | Noticed Duvessa
  3951 | D:5      | Noticed Dowan
  3951 | D:5      | Noticed an ice beast
  3961 | D:5      | Killed an ice beast
  3961 | D:5      | Gained mutation: You are slightly more attuned to the shadows. [demonic ancestry]
  3961 | D:5      | Reached XP level 7. HP: 31/54 MP: 7/7
  3967 | D:5      | Killed Dowan
  3971 | D:5      | Killed Duvessa
  3971 | D:5      | Reached skill level 5 in Axes
  3989 | D:5      | Quit the game

Vault maps used:
D:1:      eino_arrival_druids_welcome, grunt_decor_fettered, st_stairs_4
D:3:      first_bread, hangedman_decor_clover_reticule, uniq_sigmund
D:4:      grunt_temple_overflow_open, minitemple, kennysheep_mini, serial_shops,
          shop, bloody_makhleb
D:5:      serial_shops, nicolae_shop_stone, uniq_duvessa, uniq_grinder

Skill      XL: |  1  2  3  4  5  6  7 |
---------------+----------------------+-----
Axes           | 2 3 4 5 |  5.0
Shields        | 3 4 |  4.4
Armour         | 3 4 |  4.0
Dodging        | 1 |  1.1
Fighting       | 4 |  4.4
Stealth        | |  0.4

Action                   |  1- 3 |  4- 6 |  7- 9 || total
-------------------------+-------+-------+-------++-------
Melee: War axe           |   119 |   207 |     7 ||   333
Throw: Javelin           |       |     2 |       ||     2
Evoke: Wand              |       |     4 |       ||     4
  Use: Scroll            |     3 |     4 |       ||     7
       Potion            |       |     3 |       ||     3
  Eat: Chunk             |     2 |     4 |       ||     6
       Meat ration       |       |     1 |       ||     1
Armor: Scale mail        |    56 |       |       ||    56
       Ring mail         |     1 |    78 |       ||    79
       Pearl dragon scal |       |    31 |     3 ||    34
Dodge: Dodged            |    31 |    74 |     3 ||   108
Block: Shield            |    53 |   121 |     7 ||   181

Table legend:
 A = Spawn XP
 B = Non-spawn XP
 C = Spawn XP percentage of total XP
 D = Spawn monster count
 E = Non-spawn monster count
 F = Spawn count percentage of total count
 G = Total turns spent on level
                    A         B        C        D         E        F      G
               +---------+---------+-------+---------+---------+-------+---------
         Total |       0 |    1048 |   0.0 |       0 |      93 |   0.0 |  3989
               +---------+---------+-------+---------+---------+-------+---------
           D:1 |       0 |      41 |   0.0 |       0 |      24 |   0.0 |   671
           D:2 |       0 |      56 |   0.0 |       0 |      16 |   0.0 |   926
           D:3 |       0 |     150 |   0.0 |       0 |      27 |   0.0 |   633
           D:4 |       0 |     344 |   0.0 |       0 |      16 |   0.0 |  1230
           D:5 |       0 |     457 |   0.0 |       0 |      10 |   0.0 |   529
               +---------+---------+-------+---------+---------+-------+---------
